AoeStats
← JLlanqui

Pilgrims

509269468Analyzed
3v3 RM · 6d ago on Sep 26, 2026· 20m 15s· 6 players
Game mode
Random Map
Map size
Normal (6 player)
Population
200
Speed
Normal
Resources
Standard
Victory
Conquest
Starting age
Dark Age
Ending age
Imperial Age
RankedLock teamsTeams togetherTeam positionsShared explorationLock speedFull tech treeHidden civsTurbo modeCheats
Victory
Defeat
🇨🇳 Portuguese · China
896
+15
🇨🇱 Berbers · Chile
895
+15
🇦🇷 Burgundians · Argentina
857
+17
🇨🇦 Khmer · Canada
892
-38
🇲🇽 Magyars · Mexico
884
-16
🇨🇳 Britons · China
854
-15
trikeee2033
12:41 Feudal Age
17:29 Horse Collar
19:08 Wheelbarrow
18:23 Double-Bit Axe
mrusuario0001
9:53 Feudal Age
10:19 Double-Bit Axe
10:28 Loom
11:14 Fishing Lines
15:26 Wheelbarrow
17:01 Scale Barding Armor
19:15 Bloodlines
kilfal
12:18 Feudal Age
12:46 Double-Bit Axe
14:11 Loom
17:14 Gold Mining
17:07 Horse Collar
21:36 Castle Age
JLlanqui
8:55 Loom
11:17 Feudal Age
15:33 Castle Age
13:44 Scale Barding Armor
14:22 Double-Bit Axe
15:23 Gold Mining
16:39 Bow Saw
17:00 Chain Barding Armor
沙正街小霸王
4:32 Loom
11:51 Feudal Age
12:32 Double-Bit Axe
15:59 Fletching
20:26 Castle Age
18:11 Fishing Lines
20:14 Bloodlines
PopySeed_[CuERvO]
5:12 Wheelbarrow
4:23 Loom
13:53 Feudal Age
12:15 Fishing Lines
12:59 Double-Bit Axe
12:55 Horse Collar
15:07 Gold Mining
20:17 Castle Age
18:56 Scale Barding Armor
19:02 Forging
20:15 Bow Saw
Connection lost

Rejoining the realm…

Still unreachable

The connection could not be restored.

Session expired

The server has moved on; the page needs a fresh start.